 Dungeon Crawl Stone Soup version 0.28.0-45-g0d030f2227 (webtiles) character file.

Game seed: 1192959977949249378

2 Calamitas the Shooter (level 1, 9/18 HPs)
             Began as a Minotaur Hunter on Apr 11, 2022.
             Quit the game on level 1 of the Dungeon.
             The game lasted 00:01:34 (50 turns).

Calamitas the Shooter (Minotaur Hunter)               Turns: 50, Time: 00:01:35

Health: 9/18       AC:  3    Str: 16    XL:     1   Next: 33%
Magic:  0/0        EV: 11    Int:  8    God:
Gold:   0          SH:  0    Dex: 10    Spells: 0/0 levels left

rFire   . . .      SeeInvis .   a - +1 shortbow
rCold   . . .      Faith    .   (shield currently unavailable)
rNeg    . . .      Spirit   .   c - +0 leather armour
rPois   .          Reflect  .   (helmet restricted)
rElec   .          Harm     .   (no cloak)
rCorr   .          Rampage  .   (no gloves)
Will    .....                   (no boots)
Stlth   +.........              (no amulet)
HPRegen 0.06/turn               (no ring)
MPRegen 0.07/turn               (no ring)

@: no status effects
A: horns 2, retaliatory headbutt
a: no special abilities


You were on level 1 of the Dungeon.
You visited 1 branch of the dungeon, and saw 1 of its levels.

Inventory:

Hand Weapons
 a - a +1 shortbow (weapon)
 b - a +0 short sword
Missiles
 d - 20 arrows (quivered ammo)
Armour
 c - a +0 leather armour (worn)


   Skills:
 + Level 2.4 Fighting
 + Level 4.5 Bows
 + Level 2.1 Dodging
 + Level 0.7 Stealth


You couldn't memorise any spells.
You didn't know any spells.
Your spell library was empty.

Dungeon Overview and Level Annotations

Branches:
Dungeon (1/15)

Altars:


Innate Abilities, Weirdness & Mutations

You have a pair of horns on your head.
You reflexively headbutt those who attack you in melee.


Message History

The ball python closely misses you. x2
You clumsily bash the ball python but do no damage.
The ball python bites you. The ball python barely misses you.
The ball python bites you but does no damage.
The ball python grabs you. The ball python constricts you.
You closely miss the ball python. The ball python bites you.
The ball python constricts you. The ball python closely misses you.
The ball python constricts you.
You closely miss the ball python. You headbutt the ball python.
The ball python is severely wounded.
The ball python bites you but does no damage.
The ball python constricts you.
The ball python bites you but does no damage.
The ball python constricts you.
You closely miss the ball python.
The ball python is severely wounded.
The ball python bites you. The ball python constricts you.
You barely miss the ball python. You headbutt the ball python.
You kill the ball python!
A kobold comes into view. It is wielding a +0 dagger.
The kobold shouts!
A bat comes into view.
The kobold throws a stone.
The stone barely misses you.
You clumsily bash the kobold but do no damage.
Your headbutt misses the kobold. The kobold hits you but does no damage.
You clumsily bash the kobold but do no damage.
You headbutt the kobold.
You kill the kobold!
The bat barely misses you.
You clumsily bash the bat but do no damage.
The bat closely misses you.
You closely miss the bat. The bat hits you. The bat closely misses you.
The bat barely misses you.
You closely miss the bat. Your headbutt misses the bat.
The bat barely misses you. You furiously retaliate!
You headbutt the bat.
You kill the bat!
Things that are here:
a +0 dagger; 3 stones; a bat corpse Unknown command.
Are you sure you want to abandon this character and quit the game? (Confirm with "yes".)

.# #. ###. ##...
##... ... #.#
#@# #.# #.# #.##
#..# ##.# ####.#
#....# #
######.#.......#


There were no monsters in sight!

Vanquished Creatures
  A ball python (D:1)
  A bat (D:1)
  A kobold (D:1)
3 creatures vanquished.

Notes
Turn   | Place    | Note
-------+----------+-------------------------------------------
     0 | D:1      | Calamitas the Minotaur Hunter began the quest for the Orb.
     0 | D:1      | Reached XP level 1. HP: 18/18 MP: 0/0
     3 | D:1      | Noticed a demonspawn zombie
     3 | D:1      | Noticed a demonspawn zombie
    18 | D:1      | Noticed a demonspawn zombie
    50 | D:1      | Quit the game

Illustrated notes

Levels and vault maps discovered:
D:1:      shiori_arrival_whats_in_store_for_you, layout_loops_ring,
          basic_ecumenical_altar

Action                   || total
-------------------------++-------
Melee: Shortbow          ||    12
       Headbutt          ||     3
Armor: Leather armour    ||     4
Dodge: Dodged            ||    13
